 Dungeon Crawl Stone Soup version 0.21.1-1-g345015f (webtiles) character file.

88 gerrrit the Sneak (level 4, -6/23 HPs)
             Began as a Spriggan Assassin on Apr 3, 2018.
             Mangled by a worm (10 damage)
             ... on level 2 of the Dungeon.
             The game lasted 00:12:18 (2574 turns).

gerrrit the Sneak (Spriggan Assassin)               Turns: 2574, Time: 00:12:18

Health: -6/23      AC:  4    Str:  7    XL:     4   Next: 30%
Magic:  5/5        EV: 17    Int: 12    God:
Gold:   27         SH:  0    Dex: 18    Spells: 3/3 levels left

rFire    . . .     SeeInvis +   a - +2 dagger
rCold    . . .     Gourm    .   (shield restricted)
rNeg     . . .     Faith    .   c - +1 robe
rPois    .         Spirit   .   (helmet restricted)
rElec    .         Reflect  .   d - +0 cloak
rCorr    .         Harm     .   (gloves unavailable)
MR       .....                  (boots unavailable)
Stlth    ++++......             (no amulet)
HPRegen  0.07/turn              (no ring)
MPRegen  0.09/turn              (no ring)

@: very quick
A: very small, unfitting armour, see invisible, herbivore, speed 3, slow
metabolism 2
a: no special abilities


You were on level 2 of the Dungeon.
You were not hungry.

You visited 1 branch of the dungeon, and saw 2 of its levels.

You collected 27 gold pieces.

Inventory:

Hand Weapons
 a - a +2 dagger (weapon)
 b - a +0 blowgun
Missiles
 e - 6 poisoned needles
 f - 2 curare-tipped needles
Armour
 c - a +1 robe (worn)
 d - a +0 cloak (worn)
Jewellery
 i - an uncursed ring of stealth {unknown}
Scrolls
 h - a scroll of fog {unknown}
 j - a scroll of teleportation
 k - a scroll of amnesia
 m - a scroll of immolation {unknown}
Potions
 l - a potion of ambrosia {unknown}
 n - a potion of degeneration {unknown}
Comestibles
 g - 4 rations


   Skills:
 + Level 1.7 Fighting
 + Level 2.8 Short Blades
 + Level 2.4 Throwing
 + Level 2.1 Dodging
 + Level 7.8 Stealth


You had 3 spell levels left.
You didn't know any spells.

Dungeon Overview and Level Annotations

Branches:
Dungeon (2/15)

Altars:
Gozag


Innate Abilities, Weirdness & Mutations

You are very small and have problems with some larger weapons.
You are too small for most types of armour.
You have supernaturally acute eyesight. (SInv)
You are a herbivore.
You cover ground extremely quickly.
You need consume almost no food.


Message History

The worm is severely wounded.
The worm misses you.
You hit the worm but do no damage.
The worm is severely wounded.
You hit the worm.
The worm is almost dead.
The worm bites you!
Ouch! That really hurt!
* * * LOW HITPOINT WARNING * * *
You barely miss the worm.
The worm is almost dead.
You hit the worm but do no damage.
The worm is almost dead.
The worm misses you.
You barely miss the worm.
The worm is almost dead.
You hit the worm but do no damage.
The worm is almost dead.
The worm bites you!
You die...

######.........<.#
#...<.......####.# ###
#.####.####.# #.#
###...##......# #.# #.#
_8# #........## #.# #.#
..# ####..##.#####.# #)#
..# #.............# #.#
.## #.#..##.#####.# #.#
..# #รท#........@..#
#.#########
..####.##......w.#.#
#..........
.......#######.#.#.#
###########
..####...........#.#
..####.#######...#(#
..##...............#######
...#.#####...............#
## .....#
#.###.#########.#######.
...#.# #.....#
#..............


You could see a worm.

Vanquished Creatures
  Jessica (D:2)
  A gnoll (D:2)
  An adder (D:2)
  An ooze (D:2)
  A dart slug (D:1)
  2 leopard geckos (D:2)
  2 giant cockroaches (D:2)
  5 goblins
  6 hobgoblins
  A ball python (D:1)
  5 bats
  4 kobolds
  7 rats
37 creatures vanquished.

Notes
Turn   | Place    | Note
-------+----------+-------------------------------------------
     0 | D:1      | gerrrit the Spriggan Assassin began the quest for the Orb.
     0 | D:1      | Reached XP level 1. HP: 10/10 MP: 2/2
   157 | D:1      | Reached skill level 6 in Stealth
   441 | D:1      | Reached XP level 2. HP: 14/14 MP: 3/3
  1406 | D:2      | Reached skill level 7 in Stealth
  1452 | D:2      | Reached XP level 3. HP: 18/18 MP: 4/4
  1517 | D:2      | Noticed Jessica
  1520 | D:2      | Found an opulent altar of Gozag.
  1524 | D:2      | Killed Jessica
  1976 | D:2      | Reached XP level 4. HP: 23/23 MP: 5/5
  2574 | D:2      | Mangled by a worm

Skill      XL: |  1  2  3 |
---------------+----------+-----
Stealth        | 6 7 |  7.8
Dodging        | 2 |  2.1
Fighting       | |  1.7
Short Blades   | |  2.8
Throwing       | |  2.4

Action                   |  1- 3 |  4- 6 || total
-------------------------+-------+-------++-------
Melee: Dagger            |   105 |    29 ||   134
 Fire: Blowgun           |     1 |     4 ||     5
  Use: Scroll            |     3 |       ||     3
 Stab: Sleeping          |    13 |       ||    13
Armor: Robe              |    11 |       ||    11
Dodge: Dodged            |    65 |    15 ||    80
